 Dungeon Crawl Stone Soup version 0.20.1-1-g8b1a95d (webtiles) character file.

149 dengdeng the Skirmisher (level 5, -2/42 HPs)
             Began as a Human Fighter on Oct 27, 2017.
             Killed from afar by Sigmund (5 damage)
             ... with a puff of flame
             ... on level 3 of the Dungeon on Oct 28, 2017.
             The game lasted 00:15:04 (2666 turns).

dengdeng the Skirmisher (Human Fighter)             Turns: 2666, Time: 00:15:05

Health: -2/42      AC:  8    Str: 17    XL:     5   Next: 57%
Magic:  5/5        EV:  7    Int:  9    God:
Gold:   74         SH:  9    Dex: 12    Spells: 4/4 levels left

rFire    . . .     SeeInvis .   a - +0 long sword
rCold    . . .     Gourm    .   c - +0 shield
rNeg     . . .     Faith    .   b - +0 scale mail
rPois    .         Spirit   .   l - +0 helmet
rElec    .         Reflect  .   (no cloak)
rCorr    .         Harm     .   (no gloves)
MR       .....                  (no boots)
Stlth    ..........             (no amulet)
Regen    0.2/turn               (no ring)
MPRegen  0.1/turn               (no ring)

@: no status effects
A: no striking features
a: no special abilities


You were on level 3 of the Dungeon.
You were not hungry.

You visited 1 branch of the dungeon, and saw 3 of its levels.

You collected 74 gold pieces.

Inventory:

Hand Weapons
 a - a +0 long sword (weapon)
Missiles
 j - 92 stones (quivered)
Armour
 b - a +0 scale mail (worn)
 c - a +0 shield (worn)
 l - a +0 helmet (worn)
Jewellery
 t - an uncursed ring of protection from magic {unknown}
Scrolls
 i - a scroll of amnesia {unknown}
 k - 3 scrolls of remove curse {unknown}
 p - 3 scrolls of teleportation {unknown}
 q - a scroll of enchant weapon {unknown}
 r - a scroll of identify {unknown}
Potions
 d - a potion of might
 e - a potion of invisibility
 n - a potion of flight {unknown}
 o - 2 potions of heal wounds {unknown}
 s - a potion of berserk rage {unknown}
Comestibles
 f - 3 bread rations
 h - 2 meat rations
 m - 2 royal jellies
 v - 7 chunks of flesh


   Skills:
 + Level 3.9 Fighting
 + Level 3.3 Long Blades
 + Level 3.7 Armour
 + Level 0.6 Dodging
 + Level 0.2 Stealth
 + Level 3.6 Shields


You had 4 spell levels left.
You didn't know any spells.

Dungeon Overview and Level Annotations

Branches:
Dungeon (3/15)

Altars:
Ashenzari
Cheibriados
Hepliaklqana
Ru
Vehumet
Xom
Zin

Annotations:
D:3 Sigmund


Message History

The puff of flame misses you.
You see here a club.
You feel less confused.
Sigmund appears from thin air!
Reactivating autopickup.
Sigmund points at you and mumbles some strange words.
You are confused.
You bump into the rock wall.
Sigmund smiles chillingly.
Sigmund hits you from afar with a scythe.
* * * LOW HITPOINT WARNING * * *
You're too confused to move!
Sigmund gestures at you while chanting. The puff of flame misses you.
Sigmund hits you but does no damage.
You bump into the rock wall.
You feel less confused. Sigmund gestures at you while chanting.
The puff of flame hits you!
You die...

#.'.....# ####..
########.....# ......
#............# ######..
#.#####......# ........
#......# ####...
##).....### ######...
#....................
####@#################..
#......@.<.........[....
#########.##....#######.
#...._...# #.
#.._..._.## #.
#.........# #.
#....8....#####.
#####...............
......._..._...####.
######..._...###


You could see Sigmund.

Vanquished Creatures
  An orc wizard (D:3)
  Jessica (D:2)
  3 gnolls
  2 adders (D:2)
  2 dart slugs
  A leopard gecko (D:2)
  2 orcs (D:3)
  A ball python (D:1)
  4 giant cockroaches
  3 goblins
  8 hobgoblins
  7 kobolds
  5 bats
  A frilled lizard (D:2)
  7 rats
48 creatures vanquished.

Notes
Turn   | Place    | Note
-------+----------+-------------------------------------------
     0 | D:1      | dengdeng the Human Fighter began the quest for the Orb.
     0 | D:1      | Reached XP level 1. HP: 18/18 MP: 1/1
    57 | D:1      | Reached XP level 2. HP: 22/24 MP: 2/2
   665 | D:1      | Reached XP level 3. HP: 28/29 MP: 3/3
  1135 | D:2      | Found a shattered altar of Ashenzari.
  1590 | D:2      | Reached XP level 4. HP: 31/35 MP: 4/4
  1948 | D:2      | Noticed Jessica
  1955 | D:2      | Killed Jessica
  1955 | D:2      | Reached XP level 5. HP: 26/42 MP: 5/5
  2531 | D:3      | Found a glowing silver altar of Zin.
  2531 | D:3      | Found a shimmering altar of Xom.
  2533 | D:3      | Found a hazy altar of Hepliaklqana.
  2533 | D:3      | Found a radiant altar of Vehumet.
  2533 | D:3      | Found a snail-covered altar of Cheibriados.
  2541 | D:3      | Found a sacrificial altar of Ru.
  2602 | D:3      | Noticed Sigmund
  2659 | D:3      | HP: 2/42 [Sigmund/scythe (3)]
  2666 | D:3      | Killed from afar by Sigmund

Skill      XL: |  1  2  3  4  5 |
---------------+----------------+-----
Long Blades    | 3 |  3.3
Fighting       | |  3.9
Armour         | |  3.7
Dodging        | |  0.6
Stealth        | |  0.2
Shields        | |  3.6

Action                   |  1- 3 |  4- 6 || total
-------------------------+-------+-------++-------
Melee: Long sword        |    97 |    87 ||   184
Throw: Stone             |       |     6 ||     6
  Use: Potion            |       |     2 ||     2
       Scroll            |       |     1 ||     1
 Stab: Invisible         |       |     1 ||     1
  Eat: Chunk             |     2 |     2 ||     4
       Bread ration      |       |     1 ||     1
Armor: Scale mail        |    38 |    41 ||    79
Dodge: Dodged            |    24 |    32 ||    56
Block: Shield            |    45 |    45 ||    90
       Rpst.: Long sword |     5 |     8 ||    13
